 Dungeon Crawl Stone Soup version 0.31.0-32-g396128a36d (webtiles) character file.

Game seed: 18350666979412123135

92 Zantyr the Magician (level 4, 0/32 HPs)
             Began as a Gnoll Hedge Wizard on Mar 17, 2024.
             Slain by Sigmund
             ... wielding a +1 scythe of distortion
              (13 damage)
             ... on level 3 of the Dungeon.
             The game lasted 00:03:10 (2379 turns).

Zantyr the Magician (Gnoll Hedge Wizard)            Turns: 2379, Time: 00:03:11

Health: 0/32       AC:  2    Str:  9    XL:     4   Next: 60%
Magic:  1/13       EV: 13    Int: 16    God:
Gold:   102        SH:  0    Dex: 11    Spells: 12/17 levels left

rFire   . . .        a - +0 dagger
rCold   . . .        (no shield)
rNeg    . . .        b - +0 robe
rPois   .            c - +0 hat
rElec   .            (no cloak)
rCorr   .            (no gloves)
SInv    .            (no boots)
Will    .....        (no amulet)
Stlth   ++           (no ring)
HPRegen 0.25/turn    (no ring)
MPRegen 0.13/turn

%: no passive effects
@: no status effects
A: fangs 1, strong nose, distributed training
a: no special abilities


You were on level 3 of the Dungeon.
You visited 1 branch of the dungeon, and saw 3 of its levels.

You collected 102 gold pieces.

Inventory:

Hand Weapons
 a - a +0 dagger (weapon)
Missiles
 r - 2 throwing nets
Armour
 b - a +0 robe (worn)
 c - a +0 hat (worn)
Magical Staves
 p - a staff of death
 t - a staff of alchemy
Talismans
 h - a beast talisman
 k - a blade talisman
Scrolls
 e - 3 scrolls of identify {unknown}
 g - 3 scrolls of vulnerability {unknown}
 j - a scroll of enchant armour {unknown}
 l - a scroll of revelation {unknown}
 m - a scroll of enchant weapon {unknown}
 u - a scroll of teleportation {unknown}
Potions
 d - a potion of magic
 f - a potion of might {unknown}
 i - a potion of haste {unknown}
 n - a potion of enlightenment {unknown}
 o - a potion of ambrosia {unknown}
 q - a potion of curing {unknown}
 s - a potion of mutation {unknown}


   Skills:
 + Level 1.2 Fighting
 + Level 1.2 Short Blades
 + Level 1.2 Long Blades
 + Level 1.2 Axes
 + Level 1.2 Maces & Flails
 + Level 1.2 Polearms
 + Level 1.2 Staves
 + Level 1.2 Ranged Weapons
 + Level 1.2 Throwing
 + Level 1.2 Armour
 + Level 4.7 Dodging
 + Level 4.3 Stealth
 + Level 1.2 Shields
 + Level 1.2 Unarmed Combat
 + Level 7.2 Spellcasting
 + Level 2.3 Conjurations
 + Level 1.0 Hexes
 + Level 2.3 Summonings
 + Level 1.0 Necromancy
 + Level 2.3 Translocations
 + Level 1.0 Fire Magic
 + Level 1.0 Ice Magic
 + Level 1.0 Air Magic
 + Level 1.0 Earth Magic
 + Level 1.0 Alchemy
 + Level 1.3 Invocations
 + Level 1.2 Evocations
 + Level 1.1 Shapeshifting


You had 12 spell levels left.
You knew the following spells:

 Your Spells              Type           Power      Damage    Failure   Level
a - Magic Dart            Conj           52%        1d5       4%          1
b - Blink                 Tloc           26%        N/A       7%          2
c - Call Imp              Summ           26%        N/A       7%          2

Your spell library contained the following spells:

 Spells                   Type           Power      Damage    Failure   Level
 Slow                     Hex            36%        N/A       8%          1
 Cigotuvi's Dreadful Rot  Necr/Alch/Air  18%        N/A       12%         2
 Mephitic Cloud           Conj/Alch/Air  10%        N/A       21%         3


Dungeon Overview and Level Annotations

Branches:
Dungeon (3/15)

Altars:

Annotations:
D:3 Sigmund


Innate Abilities, Weirdness & Mutations

You have very sharp teeth.
Your uncanny sense of smell can sniff out nearby items.
Your experience applies equally to all skills.


Message History

Deactivating autopickup; reactivate with Ctrl-A.
A ribbon worm comes into view.
The magic dart hits the ball python.
The ball python is moderately wounded.
The magic dart hits the ball python.
The ball python is severely wounded.
The magic dart hits the ball python.
You kill the ball python!
You hear some strange, mumbled words.
You are confused.
You're too confused to cast spells.
A magic dart appears from out of thin air!
The magic dart hits you.
You're too confused to cast spells.
Sorry, you're not good enough to have a special ability.
You're too confused to move!
You feel less confused.
Casting: Magic Dart (safe; 4% risk of failure)
Confirm with . or Enter, or press ? or * to list all spells.
Aiming: Magic Dart (safe; 4% risk of failure)
Press: ? - help, Shift-Dir - straight line
Casting: Magic Dart (safe; 4% risk of failure)
Confirm with . or Enter, or press ? or * to list all spells.
Aiming: Magic Dart (safe; 4% risk of failure)
Press: ? - help, Shift-Dir - straight line The magic dart hits something.
You hear some strange, mumbled words.
A puff of flame appears from out of thin air!
The puff of flame hits you!
Casting: Magic Dart (safe; 4% risk of failure)
Confirm with . or Enter, or press ? or * to list all spells.
Okay, then.
Something hits you.
You blink.
The ribbon worm expels a string of sticky webbing.
The stream of webbing misses you.
The stream of webbing hits something but does no damage.
You hit something. You closely miss something.
The ribbon worm barely misses you. Something hits you!
You die...

#.......# ##....#..#..
#.....#..#?#.. #.....#....#.
##.....#...!.. ....
#.)#.........# ....
###........รท.... .. ## ...
#....#........# ... #....#
##..{@w......#.# #.#
###..#.###....#...#.#...##..#.#
#....#.##...###.###...........#
##...#.#..####..##..........###
#........## #.##...<......##
#......### #.#...........#
#.#....######..............#
#...##.........##..........#
#.....#.........#.#..#..####


You could see a ribbon worm.

Vanquished Creatures
  Jessica (D:3)
  2 adders
  A dart slug (D:2)
  6 endoplasms
  2 giant cockroaches
  4 goblins
  4 hobgoblins
  2 quokkas
  6 ball pythons
  6 bats (D:1)
  A frilled lizard (D:1)
  2 kobolds
  8 rats
45 creatures vanquished.

Notes
Turn   | Place    | Note
-------+----------+-------------------------------------------
     0 | D:1      | Zantyr the Gnoll Hedge Wizard began the quest for the Orb.
     0 | D:1      | Reached XP level 1. HP: 13/13 MP: 8/8
   317 | D:1      | Reached XP level 2. HP: 19/19 MP: 5/10
   729 | D:1      | Reached XP level 3. HP: 25/25 MP: 7/11
   973 | D:2      | Reached skill level 1 in Invocations
  1405 | D:2      | Reached skill level 1 in Fighting
  1405 | D:2      | Reached skill level 1 in Short Blades
  1405 | D:2      | Reached skill level 1 in Long Blades
  1405 | D:2      | Reached skill level 1 in Axes
  1405 | D:2      | Reached skill level 1 in Maces & Flails
  1405 | D:2      | Reached skill level 1 in Polearms
  1405 | D:2      | Reached skill level 1 in Staves
  1405 | D:2      | Reached skill level 1 in Ranged Weapons
  1405 | D:2      | Reached skill level 1 in Throwing
  1405 | D:2      | Reached skill level 1 in Armour
  1405 | D:2      | Reached skill level 1 in Shields
  1405 | D:2      | Reached skill level 1 in Unarmed Combat
  1405 | D:2      | Reached skill level 1 in Evocations
  2050 | D:2      | Learned a level 2 spell: Blink
  2053 | D:2      | Learned a level 2 spell: Call Imp
  2088 | D:3      | Noticed Jessica
  2095 | D:3      | Killed Jessica
  2096 | D:3      | Reached skill level 1 in Shapeshifting
  2096 | D:3      | Reached XP level 4. HP: 32/32 MP: 4/13
  2144 | D:3      | Reached skill level 1 in Hexes
  2144 | D:3      | Reached skill level 1 in Necromancy
  2144 | D:3      | Reached skill level 1 in Fire Magic
  2144 | D:3      | Reached skill level 1 in Ice Magic
  2144 | D:3      | Reached skill level 1 in Air Magic
  2144 | D:3      | Reached skill level 1 in Earth Magic
  2144 | D:3      | Reached skill level 1 in Alchemy
  2353 | D:3      | Noticed Sigmund
  2379 | D:3      | Slain by Sigmund

Illustrated notes

Levels and vault maps discovered:
D:1:      amcnicky_arrival_single_pillar, layout_basic, minivault_23,
          minmay_misc_feat_five
D:2:      layout_loops_ring, dreamdust_princess_bridge, palyth_stone_intersect,
          chequers_avenue, st_stairs_13
D:3:      layout_rooms, mainiacjoe_overflow_paths, minmay_unequal, uniq_jessica,
          uniq_crazy_yiuf_cottage, uniq_sigmund

Skill      XL: |  1  2  3  4 |
---------------+-------------+-----
Conjurations   | 2 |  2.3
Summonings     | 2 |  2.3
Translocations | 2 |  2.3
Invocations    | 1 |  1.3
Fighting       | 1 |  1.2
Short Blades   | 1 |  1.2
Long Blades    | 1 |  1.2
Axes           | 1 |  1.2
Maces & Flails | 1 |  1.2
Polearms       | 1 |  1.2
Staves         | 1 |  1.2
Ranged Weapons | 1 |  1.2
Throwing       | 1 |  1.2
Armour         | 1 |  1.2
Shields        | 1 |  1.2
Unarmed Combat | 1 |  1.2
Evocations     | 1 |  1.2
Shapeshifting  | 1 |  1.1
Hexes          | 1 |  1.0
Necromancy     | 1 |  1.0
Fire Magic     | 1 |  1.0
Ice Magic      | 1 |  1.0
Air Magic      | 1 |  1.0
Earth Magic    | 1 |  1.0
Alchemy        | 1 |  1.0
Dodging        | |  4.7
Stealth        | |  4.3
Spellcasting   | |  7.2

Action                     |  1- 3 |  4- 6 || total
---------------------------+-------+-------++-------
  Melee: Dagger            |       |     2 ||     2
   Cast: Magic Dart        |   102 |    30 ||   132
 Armour: Robe              |     9 |     7 ||    16
  Dodge: Dodged            |     6 |     2 ||     8
